 Dungeon Crawl Stone Soup version 0.26.1-11-gd32895ea62 (webtiles) character file.

Game seed: 816353224904329336

87 Felido the Slasher (level 4, -2/39 (42) HPs)
             Began as a Naga Monk on June 28, 2021.
             Slain by a gnoll
             ... wielding a +0 club
              (6 damage)
             ... on level 2 of the Dungeon.
             The game lasted 00:04:50 (2392 turns).

Felido the Slasher (Naga Monk)                      Turns: 2392, Time: 00:04:50

HP:   -2/39 (42)    AC:  2    Str: 15    XL:     4   Next: 51%
MP:   4/4           EV: 10    Int: 10    God:
Gold: 23            SH:  0    Dex: 13    Spells: 3/3 levels left

rFire    . . .     SeeInvis +   a - +0 falchion
rCold    . . .     Faith    .   (no shield)
rNeg     . . .     Spirit   .   h - +0 leather armour
rPois    +         Reflect  .   (no helmet)
rElec    .         Harm     .   (no cloak)
rCorr    .         Rampage  .   (no gloves)
Will     .....                  (no barding)
Stlth    ++........             (no amulet)
HPRegen  0.13/turn              (no ring)
MPRegen  0.09/turn              (no ring)

@: short of breath, drained, very slow
A: large, see invisible, deformed body, poison resistance, slowness 2, spit
poison 1, AC +1
a: Spit Poison


You were on level 2 of the Dungeon.
You visited 1 branch of the dungeon, and saw 2 of its levels.

You collected 23 gold pieces.

Inventory:

Hand Weapons
 a - a +0 falchion (weapon)
 c - a +2 dagger of pain
Armour
 b - a +0 robe
 h - a +0 leather armour (worn)
Scrolls
 d - a scroll of identify {unknown}
 f - a scroll of remove curse {unknown}
 g - a scroll of amnesia
Potions
 e - a potion of attraction {unknown}


   Skills:
 + Level 3.5 Fighting
 + Level 4.0 Long Blades
 + Level 2.9 Dodging
 + Level 3.8 Stealth


You had 3 spell levels left.
You didn't know any spells.
Your spell library was empty.

Dungeon Overview and Level Annotations

Branches:
Dungeon (2/15)

Altars:
Hepliaklqana
Nemelex Xobeh


Innate Abilities, Weirdness & Mutations

You cannot wear boots.
Your serpentine skin is tough. (AC +1)
You have supernaturally acute eyesight. (SInv)
Armour fits poorly on your strangely shaped body.
Your system is resistant to poisons. (rPois)
You cover ground very slowly.
You can spit poison.


Message History

The gnoll is almost dead.
The gnoll hits you with a +1 flail of draining!
You feel drained.
* * * LOW HITPOINT WARNING * * *
You have got your breath back.
The gnoll barely misses you.
You riposte.
You slash the gnoll!
You kill the gnoll!
Your Long Blades skill increases to level 4!
Press: ? - help, Shift-Dir - straight line, f - gnoll
Aim: a gnoll, wielding a +0 flail (heavily wounded)
The splash of poison hits the gnoll.
The gnoll is severely wounded.
The gnoll hits you with a +0 flail.
* * * LOW HITPOINT WARNING * * *
The gnoll hits you with a +0 flail.
* * * LOW HITPOINT WARNING * * *
The gnoll completely misses you.
You riposte.
You hit the gnoll.
The gnoll is severely wounded.
The gnoll hits you with a +0 club.
You die...

##..............'.........+
....
....######...†###.........#
#.( ##..# ##.#)#
##.......## #.# ....#
#####.#####.....## #..
##.## #.........##.†.## #..
##.# #.###.###.###'## ###
##.# #.# #.# #.# # ##.#
#.###.###.# # ...#
#...@g.##.####### # ####
#####g..........# #
#######.......###.# #
.......)..†..## #.# #
########..#.#####.#####
#..###....).....
#......###.#####
##.#######># #.........#


You could see 2 gnolls.

Vanquished Creatures
  2 adders (D:2)
  2 gnolls (D:2)
  An ooze (D:2)
  A dart slug (D:2)
  2 giant cockroaches (D:2)
  6 hobgoblins
  10 jackals
  A quokka (D:2)
  4 bats (D:1)
  2 frilled lizards
  3 goblins
  3 kobolds
  4 rats
41 creatures vanquished.

Notes
Turn   | Place    | Note
-------+----------+-------------------------------------------
     0 | D:1      | Felido the Naga Monk began the quest for the Orb.
     0 | D:1      | Reached XP level 1. HP: 21/21 MP: 1/1
   190 | D:1      | Reached XP level 2. HP: 18/28 MP: 2/2
   993 | D:1      | Reached XP level 3. HP: 31/34 MP: 3/3
  1814 | D:2      | Found a sparkling altar of Nemelex Xobeh.
  1884 | D:2      | Found a hazy altar of Hepliaklqana.
  2217 | D:2      | Reached XP level 4. HP: 39/42 MP: 4/4
  2389 | D:2      | Reached skill level 4 in Long Blades
  2392 | D:2      | Slain by a gnoll

Illustrated notes

Levels and vault maps discovered:
D:1:      wander_arrival_chamber, layout_basic
D:2:      layout_loops_corners, nzn_hepliaklqana_mist_gate, chequers_jeans,
          nemelex_lonely_heart_becter

Skill      XL: |  1  2  3  4 |
---------------+-------------+-----
Long Blades    | 4 |  4.0
Fighting       | |  3.5
Dodging        | |  2.9
Stealth        | |  3.8

Action                   |  1- 3 |  4- 6 || total
-------------------------+-------+-------++-------
Melee: Falchion          |    93 |     8 ||   101
 Abil: Spit Poison       |    12 |     7 ||    19
  Use: Scroll            |     2 |       ||     2
       Potion            |     2 |       ||     2
 Stab: Sleeping          |     7 |       ||     7
Armor: Robe              |    22 |     1 ||    23
Dodge: Dodged            |    59 |     8 ||    67
       Rpst.: Falchion   |    17 |     3 ||    20
